 Dungeon Crawl Stone Soup version 0.31-a0-175-g9f7f995f2b (webtiles) character file.

Game seed: 11391848115527854000

315 qw the Shooter (level 6, 0/38 HPs)
             Began as a Gargoyle Hunter on June 16, 2023.
             Frozen to death by an endoplasm (4 damage)
             ... on level 4 of the Dungeon.
             The game lasted 00:01:08 (1993 turns).

qw the Shooter (Gargoyle Hunter)                    Turns: 1993, Time: 00:01:09

Health: 0/38       AC: 14    Str: 15    XL:     6   Next: 44%
Magic:  6/6        EV: 11    Int:  9    God:
Gold:   218        SH:  0    Dex: 15    Spells: 5/5 levels left

rFire   . . .        Y - +0 shortbow
rCold   . . .        (shield currently unavailable)
rNeg    + . .        d - +0 ring mail
rPois   inf          (no helmet)
rElec   +            (no cloak)
rCorr   .            (no gloves)
SInv    .            b - +0 pair of boots
Will    +....        (no amulet)
Stlth   +            j - +4 ring of protection
HPRegen 0.26/turn    k - ring of willpower
MPRegen 0.10/turn

%: no passive effects
@: no status effects
A: sickness immunity, AC +4, negative energy resistance 1, electricity
resistance, torment resistance 1, petrification resistance
a: no special abilities


You were on level 4 of the Dungeon.
You visited 1 branch of the dungeon, and saw 4 of its levels.

You collected 218 gold pieces.


Innate Abilities, Weirdness & Mutations

You are immune to sickness and miasma.
Your stone body is resilient. (AC +4)
You are immune to poison.
You resist negative energy. (rN+)
You are resistant to electric shocks. (rElec)
You are resistant to unholy torment.
You are immune to petrification.


   Skills:
 - Level 4.1 Fighting
 + Level 6.6 Ranged Weapons
 - Level 1.2 Armour
 - Level 1.5 Dodging
 - Level 1.1 Stealth


You had 5 spell levels left.
You didn't know any spells.
Your spell library was empty.

Inventory:

Hand Weapons
 Y - a +0 shortbow (weapon)
Armour
 b - a +0 pair of boots (worn)
 d - a +0 ring mail (worn)
Jewellery
 j - a +4 ring of protection (left hand)
 k - a ring of willpower (right hand)
Scrolls
 c - a scroll of identify
 g - a scroll of poison {unknown}
Potions
 a - 3 potions of lignification
 e - a potion of brilliance {unknown}
 f - a potion of enlightenment {unknown}
 l - a potion of attraction

Dungeon Overview and Level Annotations

Branches:
Dungeon (4/15)
 Temple: D:4-7

Altars:
Makhleb
Xom


Message History

The scorpion stings you. The endoplasm misses you.
The scorpion stings you but does no damage.
You shoot an arrow. The arrow closely misses the scorpion.
The endoplasm freezes you.
You are frozen.
The scorpion stings you but does no damage.
You shoot an arrow. The arrow barely misses the scorpion.
The endoplasm hits you but does no damage.
The scorpion barely misses you. The endoplasm freezes you.
You are frozen.
You shoot an arrow. The arrow hits the scorpion.
The scorpion is severely wounded.
The scorpion stings you but does no damage.
The scorpion closely misses you. The endoplasm barely misses you.
You shoot an arrow.
The arrow hits the scorpion but does no damage.
The scorpion is severely wounded.
The scorpion closely misses you.
The endoplasm hits you but does no damage.
You shoot an arrow. The arrow closely misses the scorpion.
The scorpion stings you but does no damage.
The endoplasm barely misses you. The scorpion barely misses you.
You shoot an arrow. The arrow hits the scorpion.
The scorpion is severely wounded.
The endoplasm closely misses you.
The scorpion stings you but does no damage.
You shoot an arrow. The arrow hits the scorpion.
The scorpion is almost dead.
The endoplasm hits you but does no damage.
The scorpion stings you but does no damage.
You shoot an arrow.
The arrow hits the scorpion but does no damage.
The scorpion is almost dead.
The scorpion stings you. The endoplasm freezes you.
You are frozen.
The scorpion completely misses you. The endoplasm freezes you.
You are frozen.
You die...

..........#...(.....#
..............##..###
..............#...###
#.###.........#.....#
### ..............##
....###...##.# ...
#.......# ..
#..#...## #..##@##
#... #sJ...# ..
......# #......#
.......# ...######
###


You could see a scorpion and an endoplasm.

Vanquished Creatures
  A phantom (D:4)
  A crimson imp (D:3)
  Natasha (thrice) (D:3)
  4 gnolls (D:4)
  3 adders
  A worm (D:2)
  An orc (D:3)
  10 endoplasms
  2 giant cockroaches
  15 goblins
  3 hobgoblins
  4 jackals (D:1)
  5 kobolds
  2 ball pythons
  A bat (D:2)
  3 frilled lizards
59 creatures vanquished.

Notes
Turn   | Place    | Note
-------+----------+-------------------------------------------
     0 | D:1      | qw the Gargoyle Hunter began the quest for the Orb.
     0 | D:1      | Reached XP level 1. HP: 12/12 MP: 1/1
     0 | D:1      | 0 ||| qw: Version: 0.2-a-29-g511e9b1
     0 | D:1      | 0 ||| qw: Game counter: 5700
     0 | D:1      | 0 ||| qw: Always use a shield: true
     0 | D:1      | 0 ||| qw: God list: Okawaru
     0 | D:1      | 0 ||| qw: Allow faded altars: false
     0 | D:1      | 0 ||| qw: Do Orc after D:15 true
     0 | D:1      | 0 ||| qw: Do second Lair branch before Depths: true
     0 | D:1      | 0 ||| qw: Lair rune preference: random
     0 | D:1      | 0 ||| qw: Plans: Normal, Zot:1-4, Slime:5, God:TSO, Crypt,
                  | Tomb, Abyss, Pan, Hells, Win
     0 | D:1      | 0 ||| PLANNING D:1-11
    35 | D:1      | Reached XP level 2. HP: 17/17 MP: 2/2
   361 | D:1      | Reached XP level 3. HP: 21/21 MP: 3/3
   433 | D:1      | Reached skill level 5 in Ranged Weapons
   479 | D:1      | 479 ||| UPGRADING to +0 ring mail.
   489 | D:1      | 489 ||| DROPPING +0 leather armour.
   490 | D:1      | 490 ||| UPGRADING to +4 ring of protection.
   491 | D:1      | 491 ||| UPGRADING to ring of willpower.
   492 | D:1      | 492 ||| READING scroll labelled SICSAC CUUTIWK.
   493 | D:1      | 493 ||| READING scroll labelled NEDY PACLEI.
   494 | D:1      | 494 ||| READING scroll labelled YDYAZO YQIDUXO.
   495 | D:1      | 495 ||| DRINKING 2 puce potions.
   496 | D:1      | 496 ||| DROPPING scroll of butterflies.
   645 | D:2      | You fall into a shaft and drop 1 floor!
   647 | D:3      | Noticed a floating eye
   648 | D:3      | Found a faded altar of an unknown god.
   676 | D:3      | 676 ||| UPGRADING to +0 pair of boots.
   681 | D:3      | 681 ||| READING scroll labelled QEPSYR URCHU.
   702 | D:2      | Reached skill level 1 in Armour
   797 | D:2      | Reached XP level 4. HP: 27/27 MP: 4/4
   981 | D:2      | Reached skill level 3 in Fighting
  1076 | D:2      | 1076 ||| DRINKING 2 lumpy orange potions.
  1300 | D:3      | Found a burning altar of Makhleb.
  1301 | D:3      | Found a shimmering altar of Xom.
  1317 | D:3      | 1317 ||| FLEEEEING.
  1318 | D:3      | 1318 ||| FLEEEEING.
  1329 | D:3      | Reached XP level 5. HP: 28/32 MP: 5/5
  1381 | D:3      | Noticed Natasha
  1402 | D:3      | HP: 7/32 [something (5)]
  1403 | D:3      | 1403 ||| READING scroll of teleportation.
  1404 | D:3      | 1404 ||| DRINKING potion of heal wounds.
  1432 | D:3      | Killed Natasha
  1432 | D:3      | Noticed Natasha
  1436 | D:3      | 1436 ||| Stepping ~*~*~tactically~*~*~ (outnumbered).
  1438 | D:3      | 1438 ||| Stepping ~*~*~tactically~*~*~ (outnumbered).
  1457 | D:3      | Killed Natasha
  1458 | D:3      | Reached skill level 6 in Ranged Weapons
  1518 | D:3      | Noticed Natasha
  1533 | D:3      | Killed Natasha
  1590 | D:3      | Noticed a great orb of eyes
  1593 | D:3      | Noticed a golden eye
  1593 | D:3      | Noticed a golden eye
  1699 | D:3      | 1699 ||| READING scroll labelled YQOVVI KEBU.
  1700 | D:3      | 1700 ||| DRINKING 2 pink potions.
  1773 | D:4      | Reached XP level 6. HP: 16/38 MP: 6/6
  1993 | D:4      | HP: 9/38 [scorpion (3)]
  1993 | D:4      | HP: 4/38 [frozen (5)]
  1993 | D:4      | Frozen to death by an endoplasm

Levels and vault maps discovered:
D:1:      tarquinn_simple_flora_water_b, layout_rooms
D:2:      cheibrodos_greedy_goblins, layout_basic
D:3:      layout_basic, grunt_temple_overflow_champion_of_chaos,
          hellmonk_ecumenical_altar_watching_god, uniq_natasha
D:4:      layout_cave_pools

Skill      XL: |  1  2  3  4  5  6 |
---------------+-------------------+-----
Ranged Weapons | 5 6 |  6.6
Armour         | 1 |  1.2
Fighting       | 3 4 |  4.1
Dodging        | |  1.5
Stealth        | |  1.1

Action                     |  1- 3 |  4- 6 || total
---------------------------+-------+-------++-------
   Fire: Shortbow          |   108 |   209 ||   317
    Use: Scroll            |     4 |     2 ||     6
         Potion            |     1 |     3 ||     4
 Armour: Leather armour    |    20 |       ||    20
         Ring mail         |    31 |   112 ||   143
  Dodge: Dodged            |    44 |    94 ||   138

Table legend:
 A = Non-vault XP
 B = Vault XP
 C = Vault XP percentage of total XP
 D = Non-vault monster count
 E = Vault monster count
 F = Vault count percentage of total count
                 A         B        C        D         E       F
            +---------+---------+-------+---------+---------+-------
      Total |     349 |     102 |  22.6 |      48 |      11 |  18.6
            +---------+---------+-------+---------+---------+-------
        D:1 |      41 |       0 |   0.0 |      22 |       0 |   0.0
        D:2 |      43 |      17 |  28.3 |      10 |       9 |  47.4
        D:3 |      90 |      85 |  48.6 |       6 |       2 |  25.0
        D:4 |     175 |       0 |   0.0 |      10 |       0 |   0.0
            +---------+---------+-------+---------+---------+-------
